 Dungeon Crawl Stone Soup version 0.30-a0-782-ge64f9170bb (webtiles) character file.

Game seed: 16899999751057185102

1428 Crownlay the Geomancer (level 8, -1/61 HPs)
             Began as a Gargoyle Earth Elementalist on Mar 5, 2023.
             Was a Follower of Vehumet.
             Slain by Duvessa
             ... wielding a +0 short sword
              (3 damage)
             ... on level 6 of the Dungeon.
             The game lasted 00:11:32 (4732 turns).

Crownlay the Geomancer (GrEE)                       Turns: 4732, Time: 00:11:33

Health: -1/61      AC: 24    Str: 11    XL:     8   Next: 72%
Magic:  10/18      EV:  2    Int: 19    God:    Vehumet [*.....]
Gold:   202        SH:  0    Dex: 10    Spells: 16/20 levels left

rFire   . . .      SeeInvis .    v - +5 flail (protect)
rCold   . . .      Faith    .    (no shield)
rNeg    + + .      Spirit   .    (body armour currently unavailable)
rPois   ∞          Reflect  .    (helmet currently unavailable)
rElec   .          Harm     .    (cloak currently unavailable)
rCorr   .          Rampage  .    (gloves currently unavailable)
Will    .....      NoTele   +    (boots currently unavailable)
Stlth   ++                       m - amulet of regeneration
HPRegen 1.10/turn                f - ring of positive energy
MPRegen 0.16/turn                (no ring)

@: tree-form, mesmerised
A: stationary, stasis, torment immunity, boosted hp, sickness immunity, AC +5,
negative energy resistance 1, (electricity resistance), torment resistance 1,
petrification resistance
a: Renounce Religion


You were on level 6 of the Dungeon.
You worshipped Vehumet.
Vehumet was aware of your devotion.
You were a tree.
You visited 1 branch of the dungeon, and saw 6 of its levels.

You collected 202 gold pieces.

Inventory:

Hand Weapons
 v - a +5 flail of protection (weapon)
Armour
 p - the +1 robe of the Swamp (melded) {Int+3}
   (You found it on level 5 of the Dungeon)

   Int:       It affects your intelligence (+3).
 y - a +0 helmet (melded)
Jewellery
 f - a ring of positive energy (left branch)
 m - an amulet of regeneration (around neck)
Scrolls
 d - a scroll of fog {unknown}
 h - a scroll of acquirement {unknown}
 j - a scroll of fear {unknown}
 o - a scroll of identify
 s - a scroll of noise {unknown}
 u - a scroll of teleportation {unknown}
 w - a scroll of silence {unknown}
 x - a scroll of vulnerability {unknown}
 z - 2 scrolls of enchant weapon {unknown}
 B - a scroll of enchant armour {unknown}
Potions
 b - 5 potions of magic
 c - 5 potions of curing
 e - a potion of haste
 g - a potion of invisibility {unknown}
 i - 2 potions of mutation
 k - 2 potions of might
 l - a potion of lignification
 n - a potion of flight {unknown}
 q - 2 potions of ambrosia
 r - 3 potions of attraction
 t - a potion of resistance {unknown}
 A - a potion of berserk rage {unknown}


   Skills:
 - Level 1.5 Dodging
 - Level 2.1 Stealth
 + Level 6.7 Spellcasting
 - Level 0.7 Transmutations
 - Level 10.0 Earth Magic


You had 16 spell levels left.
You knew the following spells:

 Your Spells              Type           Power      Damage    Failure   Level
a - Sandblast             Erth           88%        2d18      1%          1
b - Stone Arrow           Conj/Erth      50%        3d10      4%          3

Your spell library contained the following spells:

 Spells                   Type           Power      Damage    Failure   Level
 Shock                    Conj/Air       24%        1d4       11%         1
 Passwall                 Tmut/Erth      21%        N/A       1%          2
 Petrify                  Tmut/Erth      26%        N/A       12%         4
 Ensorcelled Hibernation  Hex/Ice        12%        N/A       16%         2
 Swiftness                Air            6%         N/A       30%         3


Dungeon Overview and Level Annotations

Branches:
Dungeon (6/15)             Temple (0/1) D:5

Altars:
Cheibriados
Qazlal
Uskayaw
Vehumet
The Shining One

Shops:
D:6 *

Annotations:
D:6 Dowan, Duvessa, Maggie


Innate Abilities, Weirdness & Mutations

You are a tree.
Your roots penetrate the ground, keeping you stationary.
You cannot be teleported.
You are immune to unholy pain and torment.
Your maximum health is greatly increased.
Your equipment is partially melded.
You are immune to sickness and miasma.
((Your stone body is resilient. (AC +5)))
You are immune to poison.
You resist negative energy. (rN+)
((You are resistant to electric shocks. (rElec)))
You are resistant to unholy torment.
You are immune to petrification.


Message History

* * * LOW HITPOINT WARNING * * *
Okay, then.
Really quaff the potion of lignification?
You turn into a tree.
Your +0 helmet melds into your body.
The +1 robe of the Swamp {Int+3} melds into your body.
Your roots penetrate the ground.
Duvessa barely misses you. Duvessa hits you but does no damage.
Dowan hits you but does no damage. The orc hits you but does no damage.
The orc priest hits you but does no damage.
Maggie hits you but does no damage.
Casting: Sandblast (safe; 1% risk of failure)
Confirm with . or Enter, or press ? or * to list all spells.
Aiming: Sandblast (safe; 1% risk of failure)
Press: ? - help, Shift-Dir - straight line, f/p - Maggie
Aim: Maggie, wielding a +1 long sword of flaming and wearing +0 swamp dragon scales (heavily wounded, mesmerising, 87% to hit)
The blast of sand hits Maggie!
Maggie is heavily wounded.
Duvessa hits you but does no damage. x2; Dowan hits you but does no damage.
The orc hits you with a +0 hand axe.
* * * LOW HITPOINT WARNING * * *
The orc priest hits you but does no damage.
Maggie hits you with a +1 long sword of flaming.
* * * LOW HITPOINT WARNING * * *
Maggie burns you.
* * * LOW HITPOINT WARNING * * *
Unknown command.
Casting: Sandblast (safe; 1% risk of failure)
Confirm with . or Enter, or press ? or * to list all spells.
Aiming: Sandblast (safe; 1% risk of failure)
Press: ? - help, Shift-Dir - straight line, f/p - Maggie
Aim: Maggie, wielding a +1 long sword of flaming and wearing +0 swamp dragon scales (heavily wounded, mesmerising, 87% to hit)
The blast of sand hits Maggie!
Maggie is severely wounded.
Duvessa hits you but does no damage. Dowan hits you but does no damage.
The orc hits you but does no damage.
The orc priest hits you but does no damage.
Maggie casts a spell.
Maggie draws you further into her thrall.
Duvessa hits you with a +0 short sword.
You die...

.......#. .......#.
.......#. .......#.
#+######+######......†#'
........................
?.......................
........................
...)..@♣o...............
......eoe...............
.....)..................
......).................
....########.....#####..
....#......'.....# #..
... #......#.....# #..
.. #......#.....# #..
#......#.....# #..


You could see Maggie (mesmerising), Duvessa (fast), Dowan, an orc priest and an
orc.

Vanquished Creatures
  Sigmund (D:2)
  Menkaure (D:5)
  Edmund (D:5)
  A water moccasin (D:6)
  A phantom (D:4)
  A necrophage (D:5)
  3 scorpions
  3 hounds (D:6)
  2 jellies
  2 orc priests
  Jessica (D:2)
  Terence (D:2)
  2 iguanas
  Natasha (thrice) (D:2)
  An orc wizard (D:6)
  9 adders
  2 white imps (D:5)
  An ufetubus (D:5)
  A worm (D:3)
  2 dart slugs
  12 orcs
  7 ball pythons
  2 bats (D:2)
  7 endoplasms
  4 giant cockroaches
  10 goblins
  7 hobgoblins
  3 jackals (D:2)
  5 quokkas
  3 frilled lizards
  5 kobolds
  8 rats
112 creatures vanquished.

Vanquished Creatures (others)
  2 orcs (D:6)
2 creatures vanquished.

Grand Total: 114 creatures vanquished

Notes
Turn   | Place    | Note
-------+----------+-------------------------------------------
     0 | D:1      | Crownlay the Gargoyle Earth Elementalist began the quest
                  | for the Orb.
     0 | D:1      | Reached XP level 1. HP: 10/10 MP: 3/3
   145 | D:1      | Reached skill level 4 in Earth Magic
   174 | D:1      | Reached XP level 2. HP: 15/15 MP: 1/5
   518 | D:1      | Found a faded altar of an unknown god.
   836 | D:1      | Reached XP level 3. HP: 19/19 MP: 4/6
  1189 | D:1      | Learned a level 3 spell: Stone Arrow
  1227 | D:2      | Found a snail-covered altar of Cheibriados.
  1390 | D:2      | Noticed Jessica
  1397 | D:2      | Killed Jessica
  1398 | D:2      | Reached skill level 5 in Earth Magic
  1398 | D:2      | Reached XP level 4. HP: 21/24 MP: 2/8
  1460 | D:2      | Noticed Sigmund
  1464 | D:2      | Killed Sigmund
  1465 | D:2      | Reached skill level 6 in Earth Magic
  1465 | D:2      | Reached XP level 5. HP: 18/28 MP: 5/10
  1468 | D:2      | Noticed Terence
  1483 | D:2      | Killed Terence
  1484 | D:2      | Reached XP level 6. HP: 22/32 MP: 1/11
  1703 | D:2      | Reached skill level 7 in Earth Magic
  1848 | D:2      | Noticed Natasha
  1849 | D:2      | Killed Natasha
  1917 | D:2      | Noticed Natasha
  1919 | D:2      | Killed Natasha
  1928 | D:2      | Noticed Natasha
  1932 | D:2      | Killed Natasha
  2362 | D:3      | Found a glowing golden altar of the Shining One.
  2518 | D:3      | Found a radiant altar of Vehumet.
  2815 | D:3      | Became a worshipper of Vehumet
  2893 | D:4      | Reached XP level 7. HP: 22/36 MP: 8/13
  2898 | D:4      | Reached skill level 8 in Earth Magic
  3697 | D:5      | Entered Level 5 of the Dungeon
  3701 | D:5      | Reached * piety under Vehumet
  3701 | D:5      | Offered knowledge of Shock by Vehumet.
  3705 | D:5      | Identified the +1 robe of the Swamp {Int+3}
  3781 | D:5      | Found a stormy altar of Qazlal.
  3800 | D:5      | Reached skill level 9 in Earth Magic
  3855 | D:5      | Noticed Edmund
  4048 | D:5      | Found a staircase to the Ecumenical Temple.
  4066 | D:5      | Noticed Menkaure
  4069 | D:5      | Killed Menkaure
  4070 | D:5      | Reached skill level 5 in Spellcasting
  4070 | D:5      | Reached XP level 8. HP: 41/41 MP: 10/15
  4197 | D:5      | Found a hide-covered altar of Uskayaw.
  4397 | D:5      | Killed Edmund
  4398 | D:5      | Reached skill level 10 in Earth Magic
  4606 | D:6      | Found Vic Rig's CLEARANCE SALE!.
  4719 | D:6      | Noticed Maggie
  4721 | D:6      | Noticed Dowan
  4722 | D:6      | Noticed Duvessa
  4731 | D:6      | HP: 3/61 [Maggie/+1 long sword of flaming (5)]
  4731 | D:6      | HP: 1/61 [Maggie/+1 long sword of flaming (2)]
  4732 | D:6      | Slain by Duvessa

Illustrated notes

Levels and vault maps discovered:
D:1:      dpeg_arrival_another_circle, layout_basic, basic_ecumenical_altar
D:2:      layout_basic, basic_altar, uniq_jessica, uniq_sigmund, uniq_natasha,
          uniq_terence
D:3:      layout_basic, tso_metal_star, vehumet_crystals
D:4:      layout_basic
D:5:      layout_rooms, grunt_qazlal_sundering, lemuel_crystal_altar,
          minmay_temple_entry_waves, kennysheep_generic_room_14, uniq_edmund,
          uniq_menkaure
D:6:      layout_gridville, nicolae_shop_clearance, uniq_eustachio,
          uniq_duvessa, uniq_maggie

Skill      XL: |  1  2  3  4  5  6  7  8 |
---------------+-------------------------+-----
Earth Magic    | 4 5 6 7 9 10 | 10.0
Spellcasting   | 3 4 5 6 |  6.7
Dodging        | |  1.5
Stealth        | |  2.1
Transmutations | |  0.7

Action                     |  1- 3 |  4- 6 |  7- 9 || total
---------------------------+-------+-------+-------++-------
  Melee: Unarmed           |    14 |       |       ||    14
         Flail             |       |       |     7 ||     7
   Cast: Sandblast         |    43 |    50 |    78 ||   171
         Stone Arrow       |       |     2 |     9 ||    11
    Use: Scroll            |       |       |    10 ||    10
         Potion            |       |       |     1 ||     1
 Armour: Robe              |     8 |     6 |    17 ||    31
         Skin              |       |       |    13 ||    13
  Dodge: Dodged            |    27 |    14 |    20 ||    61

Table legend: (Time is in decaauts)
 A = Elapsed time spent in this place.
 B = Non-inter-level travel time spent in this place.
 C = Inter-level travel time spent in this place.
 D = Time resting spent in this place.
 E = Time spent auto-exploring this place.
 F = Levels seen in this place.
 G = Mean time per level.
                   A        B        C        D        E       F      G
               +--------+--------+--------+--------+--------+-----+--------+
         Total |   4817 |   4608 |    209 |      0 |   3854 |   6 |  802.8 |
       Dungeon |   4817 |   4608 |    209 |      0 |   3854 |   6 |  802.8 |
               +--------+--------+--------+--------+--------+-----+--------+

Top non-repeatable levels by time:
     D:1: 1242 daAuts
     D:4: 1009 daAuts
     D:2: 979 daAuts
     D:3: 658 daAuts
     D:5: 646 daAuts
     D:6: 281 daAuts
